 Dungeon Crawl Stone Soup version 0.30.1-3-gfc49f6343a (webtiles) character file.

Game seed: 2063181158942920077

158 jtron the Chopper (level 5, -3/36 HPs)
             Began as an Octopode Berserker on July 28, 2023.
             Was a Believer of Trog.
             Slain by Crazy Yiuf
             ... wielding a +3 quarterstaff of chaos
              (6 damage)
             ... on level 3 of the Dungeon.
             The game lasted 00:04:25 (1906 turns).

jtron the Chopper (Octopode Berserker)              Turns: 1906, Time: 00:04:25

Health: -3/36      AC:  1    Str: 18    XL:     5   Next: 40%
Magic:  1/5        EV: 14    Int:  9    God:    Trog [**....]
Gold:   198        SH:  0    Dex: 18    Spells: 4/4 levels left

rFire   . . .        a - +0 hand axe
rCold   + . .        (no shield)
rNeg    . . .        (helmet restricted)
rPois   .            d - amulet of regeneration
rElec   .            b - +6 ring of dexterity
rCorr   .            p - ring of protection from cold
SInv    .            (no ring)
Will    .....        (no ring)
Stlth   ++++         (no ring)
HPRegen 1.06/turn    (no ring)
MPRegen 0.09/turn    (no ring)
                     (no ring)

%: no passive effects
@: no status effects
A: almost no armour, amphibious, 8 rings, camouflage 1, gelatinous body 1,
(nimble swimmer 1), tentacles
a: Renounce Religion, Berserk, Trog's Hand


You were on level 3 of the Dungeon.
You worshipped Trog.
Trog was pleased with you.
You visited 1 branch of the dungeon, and saw 3 of its levels.

You collected 198 gold pieces.

Inventory:

Hand Weapons
 a - a +0 hand axe (weapon)
Jewellery
 b - a +6 ring of dexterity (left tentacle)
 d - an amulet of regeneration (around mantle)
 p - a ring of protection from cold (right tentacle)
Wands
 i - a wand of polymorph (11)
Scrolls
 e - a scroll of fog {unknown}
 f - 2 scrolls of enchant armour {unknown}
 g - 2 scrolls of poison {unknown}
 h - 2 scrolls of identify {unknown}
 j - 2 scrolls of fear {unknown}
 k - 5 scrolls of teleportation {unknown}
 o - a scroll of summoning {unknown}
 q - a scroll of enchant weapon {unknown}
Potions
 c - a potion of mutation {unknown}
 l - 2 potions of brilliance {unknown}
 m - a potion of curing {unknown}
 n - a potion of resistance {unknown}


   Skills:
 + Level 3.5 Fighting
 + Level 4.0 Axes
 + Level 3.6 Dodging
 + Level 3.1 Stealth
 * Level 1.7 Unarmed Combat


You had 4 spell levels left.
You didn't know any spells.
Your spell library was empty.

Dungeon Overview and Level Annotations

Branches:
Dungeon (3/15)

Altars:
Uskayaw
Vehumet

Annotations:
D:3 Crazy Yiuf


Innate Abilities, Weirdness & Mutations

You cannot wear most types of armour.
You are amphibious.
You can wear up to eight rings at the same time.
Your skin changes colour to match your surroundings (Stealth+).
Your rubbery body absorbs attacks. (AC +1, EV +1)
((You are camouflaged when in or above water. (Stealth+)))
You have tentacles for arms and can constrict up to eight enemies at once.


Message History

Trog accepts your kill.
No target in view!
You see here a quokka corpse.
You now have 198 gold pieces (gained 11).
You see here an adder corpse.
Found a ring mail.
Found two hammers.
Found a hammer.
You see here a +0 hammer.
Found six hammers.
Found a runed translucent door.
You see here a +0 hammer.
Found a hammer.
You see here a +0 hammer.
You see here a +0 hammer.
Found three hammers.
You see here a +2 hammer of protection.
You open the door.
Crazy Yiuf shouts!
Crazy Yiuf grits, "Iron!"
There is an open translucent door here.
Crazy Yiuf hits you with a +3 quarterstaff of chaos!
You feel your power leaking away.
You see here a +0 hammer.
You hit Crazy Yiuf. Your grab misses Crazy Yiuf.
Your squeeze misses Crazy Yiuf.
Crazy Yiuf is lightly wounded.
Crazy Yiuf cries, "Spliff!
Race wrapper foot."
Crazy Yiuf hits you with a +3 quarterstaff of chaos.
Crazy Yiuf burns you.
You completely miss Crazy Yiuf. Your grab misses Crazy Yiuf.
Crazy Yiuf is lightly wounded.
Crazy Yiuf hits you with a +3 quarterstaff of chaos!
You are electrocuted!
* * * LOW HITPOINT WARNING * * *
You hit Crazy Yiuf but do no damage. Your grab misses Crazy Yiuf.
You squeeze Crazy Yiuf.
Crazy Yiuf is heavily wounded.
Crazy Yiuf misses you.
Crazy Yiuf hits you with a +3 quarterstaff of chaos.
You die...

##.# ##.##
# #..# #..#
# #)## ##.#
# #.# ### #
####.# #.
..#.# #####
.# #.#<#
#).)# .##
#.#.# #)g)#
.. #...#
#)@)# #.
#..## ##'##
#.##.###
♣)♣♣
#########
#......#
♣♣)♣
.........
#...##..#
♣)♣♣
########.
##...##.#
♣♣)♣ #.
#.#..#.#
♣♣)♣♣
#.#########
#.##.# #
♣♣..)♣
#.....##...
#.##.#
♣....♣
#####.##.##


You could see Crazy Yiuf.

Vanquished Creatures
  Jessica (D:2)
  Natasha (twice) (D:2)
  3 adders (D:3)
  2 worms
  2 ball pythons
  4 bats
  5 endoplasms
  2 giant cockroaches
  4 goblins
  3 hobgoblins (D:1)
  7 jackals
  3 quokkas
  2 frilled lizards
  6 kobolds
  3 rats (D:2)
49 creatures vanquished.

Notes
Turn   | Place    | Note
-------+----------+-------------------------------------------
     0 | D:1      | jtron the Octopode Berserker began the quest for the Orb.
     0 | D:1      | Reached XP level 1. HP: 16/16 MP: 1/1
   191 | D:1      | Reached XP level 2. HP: 17/21 MP: 2/2
   760 | D:2      | Noticed Jessica
   767 | D:2      | Killed Jessica
   768 | D:2      | Reached skill level 1 in Stealth
   768 | D:2      | Reached skill level 1 in Unarmed Combat
   768 | D:2      | Reached XP level 3. HP: 16/26 MP: 3/3
   923 | D:2      | Found a faded altar of an unknown god.
   942 | D:2      | Reached ** piety under Trog
  1018 | D:2      | Reached XP level 4. HP: 31/31 MP: 4/4
  1124 | D:2      | Found a radiant altar of Vehumet.
  1184 | D:2      | Noticed Natasha
  1188 | D:2      | Killed Natasha
  1232 | D:2      | Noticed Natasha
  1247 | D:2      | Killed Natasha
  1502 | D:3      | Reached XP level 5. HP: 34/36 MP: 5/5
  1624 | D:3      | Found a radiant altar of Vehumet.
  1625 | D:3      | Found a hide-covered altar of Uskayaw.
  1690 | D:3      | Reached skill level 4 in Axes
  1897 | D:3      | Found a runed translucent door.
  1898 | D:3      | Noticed Crazy Yiuf
  1906 | D:3      | Slain by Crazy Yiuf

Illustrated notes

Levels and vault maps discovered:
D:1:      tarquinn_simple_flora_water_f, layout_basic
D:2:      layout_loops_ring, hellmonk_ecumenical_altar_blasted, basic_altar,
          uniq_jessica, uniq_natasha
D:3:      layout_rooms, grunt_temple_overflow_open, serial_park_tiny_2,
          uniq_crazy_yiuf_cottage

Skill      XL: |  1  2  3  4  5 |
---------------+----------------+-----
Stealth        | 1 2 3 |  3.1
Unarmed Combat | 1 |  1.7
Axes           | 4 |  4.0
Fighting       | |  3.5
Dodging        | |  3.6

Action                     |  1- 3 |  4- 6 || total
---------------------------+-------+-------++-------
  Melee: Hand axe          |    52 |    58 ||   110
         Constrict         |    15 |    12 ||    27
         Tentacles         |     9 |     7 ||    16
         Punch             |     3 |     3 ||     6
   Stab: Sleeping          |     7 |     6 ||    13
         Distracted        |     1 |       ||     1
 Armour: Skin              |     2 |     3 ||     5
  Dodge: Dodged            |    27 |    34 ||    61
